 Dungeon Crawl Stone Soup version 0.20.0-15-g7f486f2 (webtiles) character file.

198786 kuniqs the Warrior (level 18, -5/97 HPs)
             Began as a Vine Stalker Fighter on June 11, 2017.
             Was a High Priest of Okawaru.
             Killed from afar by a frost giant (9 damage)
             ... with a bolt of cold
             ... on level 4 of the Depths.
             The game lasted 02:06:11 (49421 turns).

kuniqs the Warrior (Vine Stalker Fighter)          Turns: 49421, Time: 02:06:12

Health: -5/97      AC: 30    Str: 30    XL:     18   Next: 0%
Magic:  0/24       EV: 13    Int:  2    God:    Okawaru [*****.]
Gold:   742        SH: 25    Dex: 29    Spells: 17/17 levels left

rFire    + . .     SeeInvis +   H - +9 quick blade (drain)
rCold    + . .     Gourm    .   L - +2 large shield {rPois}
rNeg     . . .     Faith    +   O - +8 plate armour of Monotheism {rElec Str+3 Dex+3}
rPois    +         Spirit   +   Y - +1 hat "Gaonganea" {+Blink rF++ Int-3 SInv}
rElec    +         Reflect  .   r - +0 cloak {+Inv}
rCorr    .         Harm     .   D - +0 pair of gloves
MR       +++..                  S - +1 pair of boots {run}
Stlth    ..........             A - amulet of faith
Regen    1.1/turn               l - ring of Sotsiunuew {rPois Int-3 Dex+8 Slay+3}
MPRegen  0.2/turn               t - ring "Ceinin" {Ice MR+ Str+4 Slay+3}

@: very slightly contaminated, quick
A: reduced essence, fangs 3, regeneration 2, magic shield, antimagic bite, no
potion heal 3, rot immunity
}: 2/15 runes: serpentine, barnacled
a: Heroism, Finesse, Renounce Religion, Evoke Blink, Evoke Invisibility


You were on level 4 of the Depths.
You worshipped Okawaru.
Okawaru was extremely pleased with you.
You were not hungry.

You visited 9 branches of the dungeon, and saw 43 of its levels.
You also visited: Labyrinth and Ossuary.

You collected 5933 gold pieces.
You spent 5191 gold pieces at shops.

Inventory:

Hand Weapons
 H - a +9 quick blade of draining (weapon)
Missiles
 E - 7 throwing nets (quivered)
Armour
 r - a +0 cloak of invisibility (worn)
 D - a +0 pair of gloves (worn)
 L - a +2 large shield of poison resistance (worn)
 O - the +8 plate armour of Monotheism (worn) {rElec Str+3 Dex+3}
   (You found it on level 4 of the Snake Pit)

   It affects your strength (+3).
   It affects your dexterity (+3).
   It insulates you from electricity.
 Q - the +8 scale mail of the Boiling Point {rF+ Dex+4}
   (You found it on level 4 of the Snake Pit)

   It affects your dexterity (+4).
   It protects you from fire.
 S - a +1 pair of boots of running (worn)
 Y - the +1 hat "Gaonganea" (worn) {+Blink rF++ Int-3 SInv}
   (Okawaru gifted it to you on level 2 of the Orcish Mines)

   It affects your intelligence (-3).
   It greatly protects you from fire.
   It lets you see invisible.
   It lets you blink.
Jewellery
 b - an uncursed ring of resist corrosion
 l - the ring of Sotsiunuew (left hand) {rPois Int-3 Dex+8 Slay+3}
   (You bought it in a shop on level 1 of the Snake Pit)

   [ring of slaying]

   It affects your intelligence (-3).
   It affects your dexterity (+8).
   It affects your accuracy and damage with ranged weapons and melee attacks
   (+3).
   It protects you from poison.
 t - the ring "Ceinin" (right hand) {Ice MR+ Str+4 Slay+3}
   (You bought it in a shop on level 1 of the Elven Halls)

   [ring of ice]

   It enhances your ice magic.
   It affects your strength (+4).
   It affects your accuracy and damage with ranged weapons and melee attacks
   (+3).
   It makes you vulnerable to fire.
   It protects you from cold.
   It affects your resistance to hostile enchantments.
 w - the ring of Starshine {rN+ MR+ AC+2}
   (You bought it in a shop on level 1 of the Snake Pit)

   [ring of protection]

   It affects your AC (+2).
   It protects you from negative energy.
   It affects your resistance to hostile enchantments.
 A - an amulet of faith (around neck)
 U - an uncursed amulet of regeneration
 W - the ring of Oneavics {rC+ Str+4}
   (You took it off a deep elf mage on level 3 of the Elven Halls)

   [ring of protection from cold]

   It affects your strength (+4).
   It protects you from cold.
 Z - the ring of Fypnadwu {rElec rPois Dex+2 SInv}
   (You bought it in a shop on level 1 of the Orcish Mines)

   [ring of poison resistance]

   It affects your dexterity (+2).
   It insulates you from electricity.
   It protects you from poison.
   It lets you see invisible.
Wands
 C - a wand of digging (9/24)
Scrolls
 a - 7 scrolls of identify {@r1}
 g - 10 scrolls of recharging
 h - 6 scrolls of immolation
 j - 5 scrolls of enchant armour
 k - 17 scrolls of remove curse {@r2}
 n - 22 scrolls of teleportation
 q - 3 scrolls of fog
 u - 7 scrolls of magic mapping
 y - 6 scrolls of blinking
 F - a scroll of silence
 N - 2 scrolls of holy word
 R - 3 scrolls of fear
 V - 3 scrolls of summoning
Potions
 c - 4 potions of berserk rage
 i - 2 potions of brilliance
 m - 12 potions of curing {@q1}
 p - 3 potions of might
 s - 5 potions of resistance
 x - 3 potions of invisibility
 I - 4 potions of haste
 M - 4 potions of agility
 P - 2 potions of cancellation
 T - 6 potions of mutation
Miscellaneous
 B - a fan of gales
 J - a lamp of fire
 K - a lightning rod (4/4)
Comestibles
 d - 21 bread rations
 e - 29 meat rations
 f - 69 fruits
 v - 7 royal jellies
 G - 13 chunks of flesh


   Skills:
 + Level 17.5 Fighting
 - Level 8.1 Short Blades
 - Level 12.0 Armour
 - Level 8.1 Dodging
 - Level 14.4 Shields
 - Level 7.1 Invocations


You had 17 spell levels left.
You didn't know any spells.

Dungeon Overview and Level Annotations

Branches:
Dungeon (15/15)            Temple (1/1) D:4            Lair (6/6) D:11
 Shoals (4/4) Lair:2        Snake (4/4) Lair:4        Slime (0/5) Lair:6
    Orc (2/2) D:9             Elf (3/3) Orc:2        Vaults (4/5) D:14
  Crypt (0/3) Vaults:2     Depths (4/5) D:15

Altars:
Ashenzari
Cheibriados
Dithmenos
Elyvilon
Fedhas
Gozag
Hepliaklqana
Kikubaaqudgha
Makhleb
Nemelex Xobeh
Okawaru
Qazlal
Ru
Sif Muna
Trog
Uskayaw
Vehumet
Xom
Yredelemnul
Zin
The Shining One
Beogh
Jiyva

Shops:
D:6 (   D:12 ?   Orc:1 [%=*   Orc:2 [:(*   Elf:1 =   Elf:3 *   Snake:1 }=}
Snake:3 (   Snake:4 *=((   Vaults:1 *   Vaults:2 [   Depths:3 (

Portals:
Hell: Depths:1 Depths:2
Abyss: Depths:1 Depths:4
Pandemonium: Depths:3
Ziggurat: Depths:3
Trove: D:15 (give +2 gold dragon scales)

Annotations:
D:3 Setanta's ghost, amateur TrMo
Shoals:4 exclusion: Roxanne, Roxanne
Elf:2 3 runed doors
Depths:2 exclusion: statue
Depths:3 1 exclusion
Depths:4 Margery


Innate Abilities, Weirdness & Mutations

You have razor-sharp teeth.
You heal very quickly.
When hurt, damage is shared between your health and your magic reserves.
Your bite disrupts and absorbs the magic of your enemies.
Potions cannot restore your health.
You are immune to rotting.
Your life essence is reduced. (-10% HP)


Message History

* * * LOW HITPOINT WARNING * * *
You feel like a meek peon again.
A frost giant comes into view. It is wielding a battleaxe of freezing.
The frost giant shouts!
The frost giant gestures at you while chanting.
The bolt of cold hits you! You resist.
* * * LOW HITPOINT WARNING * * *
The frost giant casts a spell at you. The bolt of cold hits you! You resist.
* * * LOW HITPOINT WARNING * * *
Blink to where?
Press: ? - help, Dir - move target cursor You are very lightly contaminated with residual magic.
As you read the scroll of blinking, it crumbles to dust.
The frost giant points at you and mumbles some strange words.
The bolt of cold hits you! You resist.
* * * LOW HITPOINT WARNING * * *
The frost giant points at you and mumbles some strange words.
The bolt of cold hits you! You resist.
You die...

##.......## #.# ##..##.
##..#..#...## #.# ##..###.
#...........###.###...# #.
.......#.....#.........#.###.
######.#..#..##..............
#..............############
####.#..#.........#
#..........C##.#
#.#..##@....# #
#.#..##........ #
#..##.....##. #..##.#...#
#..######.# #### .# #


You could see a frost giant.

Vanquished Creatures
  Mennas (Vaults:3)
  Saint Roka (Snake:3)
  Frederick (Vaults:3)
  A golden dragon (Depths:1)
  the Enchantress (Depths:4)
  Jorgrun (Snake:4)
  Rupert (D:14)
  A tentacled monstrosity (Depths:2)
  2 deep elf master archers (Elf:3)
  Asterion (Snake:4)
  2 deep elf blademasters (Elf:3)
  Frances (D:14)
  5 sphinxes
  Agnes (Snake:4)
  Kirke (D:14)
  Polyphemus (Shoals:4)
  9 nagarajas
  5 frost giants
  6 fire giants
  Ilsuiw (Shoals:4)
  An orc warlord (Orc:2)
  An iron dragon (Depths:1)
  9 deep elf sorcerers
  Aizul (Snake:4)
  A balrug (Depths:2)
  5 vault wardens
  4 deep elf elementalists (Elf:3)
  6 spriggan defenders
  11 ironheart preservers
  14 very ugly things
  2 vampire knights
  13 stone giants
  2 entropy weavers (Vaults:4)
  8 deep elf annihilators
  A large abomination (Elf:3)
  3 spark wasps (Depths:3)
  9 deep elf demonologists
  8 merfolk javelineers
  5 ettins
  10 deep elf death magi
  8 merfolk impalers
  5 jiangshi
  3 deep elf high priests (Elf:3)
  Josephine (Orc:1)
  9 yaktaur captains
  4 fire dragons
  A minotaur (Lab)
  14 naga warriors
  9 rakshasas
  A great orb of eyes (Vaults:1)
  Erolcha (D:9)
  2 vault guards (Vaults:3)
  6 ice dragons
  7 merfolk avatars
  6 hydras
  4 spriggan air magi
  2 catoblepae
  10 centaur warriors
  69 two-headed ogres
  12 dancing weapons
  2 death yaks (Shoals:4)
  2 vampire magi
  17 ogre magi
  11 merfolk aquamancers
  8 anacondas
  2 death knights
  4 satyrs
  Urug (D:14)
  4 deep troll earth magi
  3 tengu warriors
  3 orc high priests
  4 spriggan berserkers
  3 deep troll shamans
  5 shock serpents
  16 deep elf knights
  2 sun demons (Depths:2)
  21 naga sharpshooters
  5 spriggans
  A fire crab (shapeshifter) (Vaults:1)
  A fire crab (Shoals:1)
  2 iron trolls (Depths:2)
  4 skeletal warriors (Vaults:2)
  3 salamander mystics
  11 deep trolls
  20 sea snakes
  3 glowing orange brains
  14 hell knights
  4 unseen horrors
  8 wizards
  2 flayed ghosts
  11 deep elf archers
  14 ironbrand convokers
  10 naga ritualists
  2 phantasmal warriors
  A glowing orange brain (shapeshifter) (Depths:3)
  A lindwurm (Lair:6)
  2 wolf spiders (shapeshifter)
  6 oklob plants
  11 necromancers
  48 deep elf magi
  19 harpies
  14 orc knights
  3 human zombies
  3 mana vipers
  A fire giant zombie (Vaults:3)
  4 orc sorcerers (Orc:2)
  2 stone giant zombies
  A salamander (shapeshifter) (Vaults:2)
  13 cyclopes
  4 wolf spiders
  A cyclops (shapeshifter) (D:14)
  9 elephants (Lair:6)
  41 ugly things
  20 fauns
  8 salamanders
  13 merfolk sirens
  14 manticores
  21 naga magi
  15 vault sentinels
  A stone giant skeleton (Vaults:3)
  35 black mambas
  4 guardian serpents (Snake:4)
  An elephant (shapeshifter) (Vaults:2)
  A guardian serpent (shapeshifter) (Vaults:3)
  8 water nymphs
  5 gargoyles
  2 molten gargoyles (Lair:6)
  A spiny frog (shapeshifter) (Vaults:2)
  A rime drake (Lair:4)
  5 spectral swamp worms (Depths:1)
  A yaktaur zombie (Vaults:1)
  15 komodo dragons
  12 spiny frogs
  A komodo dragon (shapeshifter) (Vaults:3)
  The ghost of xelsha the Skirmisher, an amateur OgBe of Trog (Ossuary)
  The ghost of Setanta the Slasher, a novice GrFi (D:4)
  31 yaktaurs
  A human skeleton (Vaults:2)
  7 freezing wraiths
  3 tengu conjurers
  3 polar bears
  A merfolk (shapeshifter) (Vaults:4)
  A jumping spider (shapeshifter) (Depths:1)
  11 trolls
  3 wind drakes
  47 merfolk
  A polar bear (shapeshifter) (Vaults:3)
  Grinder (D:6)
  11 slime creatures
  A hornet (shapeshifter) (Depths:2)
  5 hornets
  A blink frog (shapeshifter) (Depths:4)
  18 blink frogs
  12 hippogriffs
  A hippogriff (shapeshifter) (Vaults:2)
  An ice dragon zombie (Depths:1)
  19 dream sheep
  11 snapping turtles
  Sigmund (D:4)
  2 air elementals
  A redback (Vaults:4)
  19 water elementals
  A shadow (D:13)
  A yak (shapeshifter) (Elf:3)
  9 wraiths
  A shapeshifter (Elf:1)
  2 hogs (shapeshifter)
  16 humans (D:14)
  53 yaks
  3 fire bats (Shoals:1)
  2 ettin skeletons
  4 wyverns
  2 fire elementals
  Eustachio (D:4)
  7 hogs
  A human (shapeshifter) (Vaults:2)
  10 vampire mosquitoes
  6 hungry ghosts
  13 basilisks
  3 steam dragons
  36 nagas
  8 wargs
  2 acid dragons
  9 porcupines
  4 hell hounds (Lair:6)
  Duvessa (D:4)
  21 water moccasins
  7 sky beasts
  9 ice beasts
  A black bear (D:7)
  48 orc warriors
  A phantom (D:9)
  An ettin simulacrum (Depths:1)
  A necrophage (D:12)
  17 boggarts
  42 ogres
  5 wolves (Lair:3)
  35 centaurs
  16 crocodiles
  2 big kobolds (D:10)
  13 bullfrogs
  Blork the orc (D:6)
  3 earth elementals
  2 gnoll sergeants
  Dowan (D:4)
  2 wyvern skeletons
  A troll zombie (D:9)
  7 scorpions
  16 wights
  2 human simulacra
  6 killer bees (D:13)
  12 howler monkeys
  9 electric eels
  9 crimson imps
  A centaur zombie (D:6)
  5 lava snakes (Lair:6)
  A bullfrog zombie (D:8)
  An iron imp (Depths:4)
  6 hounds
  4 jellies
  29 orc priests
  32 orc wizards
  3 bullfrog skeletons
  4 centaur skeletons
  Ijyb (D:4)
  4 iguanas
  9 worker ants
  A killer bee zombie (D:7)
  A bullfrog simulacrum (D:10)
  5 ogre zombies (D:9)
  A hound zombie (D:9)
  3 hound skeletons
  13 mummies (Ossuary)
  A worker ant zombie (D:10)
  20 gnolls
  20 adders
  8 shadow imps
  A worker ant simulacrum (D:10)
  2 ufetubi (D:10)
  4 oozes
  2 adder skeletons
  An adder zombie (D:8)
  4 worms
  6 dart slugs
  9 leopard geckos
  102 orcs
  4 bats
  9 giant cockroaches
  18 goblins
  13 hobgoblins
  12 jackals
  7 quokkas
  3 ball pythons
  4 frilled lizards
  2 gnoll skeletons (Ossuary)
  3 goblin skeletons
  2 goblin zombies (D:9)
  2 hobgoblin zombies (D:9)
  A jackal skeleton (D:8)
  A jackal zombie (D:5)
  13 kobolds
  A kobold skeleton (Ossuary)
  A leopard gecko zombie (D:5)
  6 orc skeletons
  12 orc zombies (D:9)
  A quokka skeleton (D:4)
  A quokka zombie (D:7)
  6 rats
  11 rat skeletons (Ossuary)
2059 creatures vanquished.

Vanquished Creatures (others)
  2 cyclopes
  A naga (Snake:4)
  2 boggarts
  2 centaurs
  A shadow imp (D:13)
  9 fungi (Lair:6)
  13 plants
30 creatures vanquished.

Grand Total: 2089 creatures vanquished

Notes
Turn   | Place    | Note
-------+----------+-------------------------------------------
     0 | D:1      | kuniqs the Vine Stalker Fighter began the quest for the Orb.
     0 | D:1      | Reached XP level 1. HP: 11/11 MP: 2/2
   206 | D:1      | Reached XP level 2. HP: 13/16 MP: 3/3
   356 | D:1      | Reached skill level 1 in Dodging
   406 | D:1      | Reached skill level 3 in Fighting
   431 | D:1      | Reached XP level 3. HP: 12/20 MP: 4/4
  1420 | D:2      | Gained mutation: Your natural rate of healing is unusually fast. [Vine Stalker growth]
  1420 | D:2      | Reached XP level 4. HP: 23/24 MP: 5/5
  1977 | D:2      | Found a sacrificial altar of Ru.
  2000 | D:2      | Reached XP level 5. HP: 28/28 MP: 6/6
  2248 | D:3      | Noticed Setanta's ghost (amateur TrMo)
  2904 | D:4      | Noticed Setanta's ghost (novice GrFi)
  2994 | D:4      | Reached XP level 6. HP: 32/32 MP: 7/7
  3008 | D:4      | Found a staircase to the Ecumenical Temple.
  3019 | Temple   | Entered the Ecumenical Temple
  3115 | Temple   | Became a worshipper of Warmaster Okawaru
  3196 | D:4      | Found an ancient bone altar of Kikubaaqudgha.
  3196 | D:4      | Noticed Duvessa
  3217 | D:4      | Noticed Dowan
  3295 | D:4      | Killed Duvessa
  3295 | D:4      | Reached skill level 1 in Invocations
  3307 | D:4      | Killed Dowan
  3307 | D:4      | Reached XP level 7. HP: 30/37 MP: 6/8
  3370 | D:4      | Reached skill level 4 in Fighting
  3495 | D:4      | Reached * piety under Okawaru
  3519 | D:4      | Noticed Eustachio
  3548 | D:4      | Killed Eustachio
  3591 | D:4      | Gained mutation: You have razor-sharp teeth. [Vine Stalker growth]
  3591 | D:4      | Reached XP level 8. HP: 42/42 MP: 10/10
  3671 | D:4      | Noticed Sigmund
  3686 | D:4      | Killed Sigmund
  3686 | D:4      | Reached ** piety under Okawaru
  3845 | D:4      | Killed Setanta's ghost
  3952 | D:4      | Found a burning altar of Makhleb.
  3952 | D:4      | Noticed a balrug
  4006 | D:4      | Noticed Ijyb
  4018 | D:4      | Killed Ijyb
  4201 | D:5      | Entered Level 5 of the Dungeon
  4255 | D:5      | Reached skill level 5 in Fighting
  4268 | D:5      | Found a shadowy altar of Dithmenos.
  4387 | D:5      | Found a white marble altar of Elyvilon.
  4416 | D:5      | Reached XP level 9. HP: 47/47 MP: 12/12
  4697 | D:5      | Found a faded altar of an unknown god.
  4697 | D:5      | Found a hazy altar of Hepliaklqana.
  4702 | D:5      | Found a basalt altar of Yredelemnul.
  4704 | D:5      | Found a deep blue altar of Sif Muna.
  4706 | D:5      | Found a faded altar of an unknown god.
  4806 | D:6      | Found a deep blue altar of Sif Muna.
  4890 | D:6      | Noticed Grinder
  4894 | D:6      | Paralysed by Grinder for 2 turns
  4920 | D:6      | Killed Grinder
  4920 | D:6      | Reached skill level 5 in Shields
  4970 | D:6      | Found an opulent altar of Gozag.
  4970 | D:6      | Found a bloodstained altar of Trog.
  4975 | D:6      | Reached skill level 5 in Armour
  4978 | D:6      | Found a blossoming altar of Fedhas.
  5034 | D:6      | Noticed Blork the orc
  5042 | D:6      | Killed Blork the orc
  5042 | D:6      | Reached *** piety under Okawaru
  5097 | D:6      | Reached skill level 5 in Short Blades
  5280 | D:6      | Found Hoyqaek's Weapon Emporium.
  5795 | D:7      | Got a transparent shield
  5810 | D:7      | Identified the +2 shield of Limited Liability {rElec Str+3} (You found it on level 7 of the Dungeon)
  5943 | D:7      | Reached XP level 10. HP: 29/53 MP: 14/14
  5970 | D:7      | Reached skill level 5 in Invocations
  6369 | D:8      | Noticed a two-headed ogre
  6374 | D:8      | Reached **** piety under Okawaru
  6374 | D:8      | Reached skill level 6 in Fighting
  6446 | D:8      | Killed a two-headed ogre
  6446 | D:8      | Reached skill level 5 in Dodging
  6604 | D:8      | Found a sand-covered staircase.
  6622 | Ossuary  | Entered an ossuary
  6681 | Ossuary  | Noticed xelsha's ghost (amateur OgBe)
  6697 | Ossuary  | Killed xelsha's ghost
  7018 | D:8      | Reached ***** piety under Okawaru
  7018 | D:8      | Received a gift from Okawaru
  7303 | D:8      | Noticed a two-headed ogre
  7337 | D:8      | Killed a two-headed ogre
  7563 | D:9      | Found a hide-covered altar of Uskayaw.
  7567 | D:9      | Noticed Erolcha
  7661 | D:9      | Killed Erolcha
  7661 | D:9      | Reached XP level 11. HP: 43/58 MP: 14/16
  7795 | D:9      | Received a gift from Okawaru
  7798 | D:9      | Got a crude hat {god gift}
  7804 | D:9      | Identified the +0 hat of Bedevilment {+Blink rPois} (Okawaru gifted it to you on level 9 of the Dungeon)
  8238 | D:9      | Found a staircase to the Orcish Mines.
  8529 | D:9      | Reached skill level 7 in Fighting
  8899 | D:10     | Entered Level 10 of the Dungeon
  9147 | D:10     | Identified a scroll of acquirement
  9197 | D:10     | Noticed a two-headed ogre
  9221 | D:10     | Killed a two-headed ogre
  9417 | D:10     | Killed an unseen horror
  9619 | D:10     | Gained mutation: You heal very quickly. [Vine Stalker growth]
  9619 | D:10     | Reached XP level 12. HP: 61/64 MP: 18/18
 10105 | D:11     | Found an iron altar of Okawaru.
 10128 | D:11     | Reached skill level 8 in Fighting
 10268 | D:11     | Found a staircase to the Lair.
 10616 | D:12     | Reached ****** piety under Okawaru
 10754 | D:12     | Received a gift from Okawaru
 11010 | D:12     | Found Feeng's Magic Scroll Shop.
 11626 | D:13     | Noticed a centaur warrior
 11695 | D:13     | Killed a centaur warrior
 11695 | D:13     | Reached skill level 9 in Fighting
 11801 | D:13     | Reached XP level 13. HP: 45/70 MP: 9/19
 11952 | D:13     | Received a gift from Okawaru
 11953 | D:13     | Got an ancient hat {god gift}
 11976 | D:13     | Identified the +2 hat "Zoosugan" {*Slow rPois Str+7} (Okawaru gifted it to you on level 13 of the Dungeon)
 12364 | D:14     | Found a gate to the Vaults.
 12364 | D:14     | Noticed Urug
 12486 | D:14     | Noticed a rakshasa
 12501 | D:14     | Killed a rakshasa
 12544 | D:14     | Reached skill level 10 in Fighting
 12684 | D:14     | Reached skill level 11 in Fighting
 12789 | D:14     | Killed Urug
 12871 | D:14     | Noticed Rupert
 12872 | D:14     | Noticed Frances
 12872 | D:14     | Noticed Kirke
 12961 | Lair:1   | Entered Level 1 of the Lair of Beasts
 13114 | Lair:1   | Reached skill level 12 in Fighting
 13760 | Lair:2   | Received a gift from Okawaru
 13775 | Lair:2   | Reached XP level 14. HP: 77/81 MP: 20/20
 13778 | Lair:2   | Got an ichor-stained shield {god gift}
 13789 | Lair:2   | Identified the +1 shield of Bitterness {+Inv rPois Str+3} (Okawaru gifted it to you on level 2 of the Lair of Beasts)
 14081 | Lair:2   | Reached skill level 13 in Fighting
 14152 | Lair:2   | Found a staircase to the Shoals.
 15893 | Lair:4   | Reached skill level 14 in Fighting
 15962 | Lair:4   | Found a staircase to the Snake Pit.
 16173 | Lair:4   | Received a gift from Okawaru
 16346 | Lair:4   | You are sucked into a shaft for 2 floors!
 16346 | Lair:6   | Entered Level 6 of the Lair of Beasts
 16366 | Lair:6   | Found a labyrinth entrance.
 16386 | Lab      | Entered a labyrinth
 16692 | Lair:6   | Reached skill level 10 in Shields
 16772 | Lair:6   | Found a staircase to the Slime Pits.
 16773 | Lair:6   | Found a viscous altar of Jiyva.
 17838 | Lair:5   | Reached XP level 15. HP: 88/88 MP: 21/21
 18012 | Lair:5   | Received a gift from Okawaru
 18542 | Orc:1    | Entered Level 1 of the Orcish Mines
 18542 | Orc:1    | Found Ivaonugo's Assorted Antiques.
 18705 | Orc:2    | Entered Level 2 of the Orcish Mines
 18901 | Orc:1    | Found Asangyuv's Armour Emporium.
 18903 | Orc:1    | Noticed Josephine
 18922 | Orc:1    | Killed Josephine
 19061 | Orc:1    | Found Gufoppigg's Food Boutique.
 19197 | Orc:1    | Found Iwopleat's Jewellery Shop.
 19655 | Orc:2    | Noticed an orc warlord
 19708 | Orc:2    | Killed an orc warlord
 19708 | Orc:2    | Received a gift from Okawaru
 19709 | Orc:2    | Got an encrusted hat {god gift}
 19711 | Orc:2    | Identified the +1 hat "Gaonganea" {+Blink rF++ Int-3 SInv} (Okawaru gifted it to you on level 2 of the Orcish Mines)
 19739 | Orc:2    | Found a roughly hewn altar of Beogh.
 19821 | Orc:2    | Found Fuang's Antique Weapon Boutique.
 19841 | Orc:2    | Found Solieg's Antique Armour Boutique.
 20180 | Orc:2    | Found a staircase to the Elven Halls.
 20350 | Orc:2    | Found Hoibur's General Store.
 20356 | Orc:2    | Bought the +1 pair of boots of Nobility {Dex+2} for 289 gold pieces
 20375 | Orc:2    | Found Atwob's Book Boutique.
 20417 | Orc:1    | Bought the ring of Fypnadwu {rElec rPois Dex+2 SInv} for 593 gold pieces
 20417 | Orc:1    | Bought a +3 ring of protection for 294 gold pieces
 20798 | Lair:6   | Found a large runed door.
 20800 | Lair:6   | Found a large runed door.
 21595 | Shoals:1 | Entered Level 1 of the Shoals
 21614 | Shoals:1 | Received a gift from Okawaru
 21789 | Shoals:1 | Reached skill level 10 in Armour
 22184 | Shoals:1 | Reached XP level 16. HP: 81/93 MP: 22/22
 22394 | Shoals:1 | Received a gift from Okawaru
 23102 | Shoals:2 | Received a gift from Okawaru
 24419 | Shoals:4 | Entered Level 4 of the Shoals
 24829 | Shoals:3 | Reached skill level 15 in Fighting
 25011 | Shoals:3 | Received a gift from Okawaru
 25225 | Shoals:3 | Reached XP level 17. HP: 99/99 MP: 23/23
 25690 | Shoals:4 | Identified the +3 ring mail of Foz Zov {rPois rF+ Int+2 Stlth+} (You found it on level 4 of the Shoals)
 25960 | Shoals:3 | Received a gift from Okawaru
 26084 | Shoals:4 | Noticed Polyphemus
 26099 | Shoals:4 | Reached skill level 16 in Fighting
 26126 | Shoals:4 | Killed Polyphemus
 26215 | Shoals:4 | Noticed Ilsuiw
 26304 | Shoals:4 | Got a barnacled rune of Zot
 26447 | Shoals:4 | Killed Ilsuiw
 26814 | Shoals:4 | Reached skill level 17 in Fighting
 26912 | Shoals:4 | Received a gift from Okawaru
 27062 | Shoals:4 | Noticed Roxanne
 27284 | Snake:1  | Entered Level 1 of the Snake Pit
 27358 | Snake:1  | Reached XP level 18. HP: 108/108 MP: 24/24
 27601 | D:5      | Fell from the grace of Okawaru
 27601 | D:5      | Became a worshipper of Hepliaklqana the Forgotten
 27682 | Temple   | Fell from the grace of Hepliaklqana
 27682 | Temple   | Became a worshipper of Warmaster Okawaru
 28255 | Snake:1  | Found Jurch's Gadget Shoppe.
 28257 | Snake:1  | Found Qybedgh's Jewellery Shop.
 28258 | Snake:1  | Found Cule's Gadget Shoppe.
 28265 | Snake:1  | Bought the ring of Sotsiunuew {rPois Int-3 Dex+8 Slay+3} for 1334 gold pieces
 28265 | Snake:1  | Bought the ring of Starshine {rN+ MR+ AC+2} for 536 gold pieces
 29488 | Snake:3  | Found Luemiot's Antique Weapon Boutique.
 30436 | Snake:3  | Noticed Saint Roka
 30519 | Snake:3  | Killed Saint Roka
 30814 | Snake:4  | Entered Level 4 of the Snake Pit
 30921 | Snake:4  | Found Otietoq's Jewellery Shop.
 30924 | Snake:4  | Identified the +8 plate armour of Monotheism {rElec Str+3 Dex+3} (You found it on level 4 of the Snake Pit)
 30992 | Snake:4  | Found Myhuasse's Antique Weapon Boutique.
 30992 | Snake:4  | Found Daex's Assorted Antiques.
 31041 | Snake:4  | Found Zobbuxoa's Antique Weapon Boutique.
 31083 | Snake:4  | Received a gift from Okawaru
 31355 | Snake:4  | Identified the +8 scale mail of the Boiling Point {rF+ Dex+4} (You found it on level 4 of the Snake Pit)
 31412 | Snake:4  | Noticed Aizul
 31434 | Snake:4  | Killed Aizul
 31939 | Snake:4  | Received a gift from Okawaru
 31940 | Snake:4  | Got a dazzling crystal plate armour {god gift}
 31945 | Snake:4  | Identified the +6 crystal plate armour "Lega" {rPois rCorr Dex-5} (Okawaru gifted it to you on level 4 of the Snake Pit)
 32175 | Snake:4  | Noticed Asterion
 32200 | Snake:4  | Killed Asterion
 32262 | Snake:4  | Noticed Jorgrun
 32270 | Snake:4  | Killed Jorgrun
 32362 | Snake:4  | Noticed Agnes
 32384 | Snake:4  | Killed Agnes
 32605 | Snake:4  | Got a serpentine rune of Zot
 32836 | Snake:1  | Received a gift from Okawaru
 33081 | D:5      | Fell from the grace of Okawaru
 33081 | D:5      | Became a worshipper of Hepliaklqana the Forgotten
 33160 | Temple   | Fell from the grace of Hepliaklqana
 33160 | Temple   | Became a worshipper of Warmaster Okawaru
 33326 | Elf:1    | Entered Level 1 of the Elven Halls
 33566 | Elf:1    | Found Riuhoen's Jewellery Shop.
 34425 | Elf:3    | Entered Level 3 of the Elven Halls
 34571 | Elf:2    | Lost intelligence.
 34805 | Elf:2    | Found a runed gate.
 34805 | Elf:2    | Found a runed gate.
 34809 | Elf:2    | Found a runed gate.
 35162 | Elf:3    | Found Lacryaro's General Store.
 35574 | Elf:3    | Received a gift from Okawaru
 35580 | Elf:3    | Noticed a deep elf master archer
 35595 | Elf:3    | Killed a deep elf master archer
 35629 | Elf:3    | Noticed a deep elf blademaster
 35641 | Elf:3    | Killed a deep elf blademaster
 35837 | Elf:3    | Received a gift from Okawaru
 35868 | Elf:3    | Noticed a deep elf blademaster
 35888 | Elf:3    | Killed a deep elf blademaster
 36093 | Elf:3    | Noticed a deep elf master archer
 36100 | Elf:3    | Killed a deep elf master archer
 36127 | Elf:3    | Got a flickering copper ring
 36133 | Elf:3    | Identified the ring of Oneavics {rC+ Str+4} (You took it off a deep elf mage on level 3 of the Elven Halls)
 36289 | Elf:3    | Identified the Reference Book on Unstable Enchantment
 36584 | Elf:3    | Found an ancient bone altar of Kikubaaqudgha.
 36706 | Elf:1    | Bought the ring "Ceinin" {Ice MR+ Str+4 Slay+3} for 879 gold pieces
 36987 | D:14     | Killed Rupert
 37001 | D:14     | Killed Kirke
 37160 | D:14     | Received a gift from Okawaru
 37219 | D:14     | Killed Frances
 37509 | Vaults:1 | Entered Level 1 of the Vaults
 37700 | D:5      | Fell from the grace of Okawaru
 37700 | D:5      | Became a worshipper of Hepliaklqana the Forgotten
 37821 | D:11     | Fell from the grace of Hepliaklqana
 37821 | D:11     | Became a worshipper of Warmaster Okawaru
 37959 | D:15     | Entered Level 15 of the Dungeon
 38173 | D:15     | Found a portal to a secret trove of treasure.
 38494 | D:15     | Found a staircase to the Depths.
 38859 | Vaults:1 | Found Ihamempeff's General Store.
 39437 | Vaults:1 | Received a gift from Okawaru
 39458 | Vaults:1 | Identified a +1 pair of boots of running (Okawaru gifted it to you on level 1 of the Vaults)
 39698 | Vaults:1 | Identified the +1 hat of the Cicada {Stlth+} (You acquired it on level 1 of the Vaults)
 40211 | Vaults:2 | Found a staircase to the Crypt.
 40464 | Vaults:2 | Received a gift from Okawaru
 40527 | Vaults:2 | Identified the +2 double sword of the Wolf {slice, Int+5 Dex-4} (Okawaru gifted it to you on level 2 of the Vaults)
 40700 | Vaults:2 | Found Odaebri's Antique Armour Emporium.
 41238 | Vaults:2 | Received a gift from Okawaru
 41836 | Snake:3  | Bought a jewelled quick blade for 840 gold pieces
 41836 | Snake:3  | Identified the +2 quick blade of Trog's Generosity {holy, *Slow rN+++ MR++ Int-5} (You bought it in a shop on level 3 of the Snake Pit)
 42217 | Elf:3    | Bought a potion of resistance for 130 gold pieces
 42380 | Orc:1    | Bought a scroll of blinking for 202 gold pieces
 42380 | Orc:1    | Bought a scroll of magic mapping for 94 gold pieces
 42486 | D:5      | Fell from the grace of Okawaru
 42486 | D:5      | Became a worshipper of Hepliaklqana the Forgotten
 42603 | D:11     | Fell from the grace of Hepliaklqana
 42603 | D:11     | Became a worshipper of Warmaster Okawaru
 43437 | Vaults:3 | Noticed Mennas
 43441 | Vaults:3 | Noticed Frederick
 43473 | Vaults:3 | Killed Frederick
 43488 | Vaults:3 | Killed Mennas
 43763 | Vaults:3 | Received a gift from Okawaru
 44016 | Vaults:3 | Found Haakkol's Assorted Antiques.
 44392 | Vaults:4 | Received a gift from Okawaru
 44393 | Vaults:4 | Got an encrusted rapier {god gift}
 44394 | Vaults:4 | Identified the +10 rapier "Puibuopp" {flame, rF- Str+2 Stlth+} (Okawaru gifted it to you on level 4 of the Vaults)
 44795 | Depths:1 | Entered Level 1 of the Depths
 44822 | Depths:1 | Received a gift from Okawaru
 45077 | D:5      | Fell from the grace of Okawaru
 45077 | D:5      | Became a worshipper of Hepliaklqana the Forgotten
 45194 | D:11     | Fell from the grace of Hepliaklqana
 45194 | D:11     | Became a worshipper of Warmaster Okawaru
 45526 | Depths:1 | Noticed a golden dragon
 45543 | Depths:1 | Killed a golden dragon
 45607 | Depths:1 | Found a one-way gate to the infinite horrors of the Abyss.
 45687 | Depths:1 | Found a gateway to Hell.
 45880 | Depths:1 | Found a runed door.
 45911 | Depths:1 | Identified Eryryome's Grimoire of Toxic Moulding
 46352 | Depths:2 | Received a gift from Okawaru
 46611 | Depths:2 | Noticed a tentacled monstrosity
 46618 | Depths:2 | Killed a tentacled monstrosity
 46618 | Depths:2 | Received a gift from Okawaru
 46762 | Depths:2 | Received a gift from Okawaru
 47288 | Depths:4 | Noticed the Enchantress
 47319 | Depths:4 | Killed the Enchantress
 47460 | Depths:4 | Received a gift from Okawaru
 47785 | D:5      | Fell from the grace of Okawaru
 47785 | D:5      | Became a worshipper of Hepliaklqana the Forgotten
 47902 | D:11     | Fell from the grace of Hepliaklqana
 47902 | D:11     | Became a worshipper of Warmaster Okawaru
 48128 | Depths:4 | Identified the +2 faerie dragon scales {rN++ MR++ rCorr Int-2} (You took it off the Enchantress on level 4 of the Depths)
 48349 | Depths:3 | Found a hazy altar of Hepliaklqana.
 48498 | Depths:3 | Found Soqidol's Weapon Shop.
 48546 | Depths:3 | Found a one-way gate leading to the halls of Pandemonium.
 48667 | Depths:3 | Found a gateway to a ziggurat.
 48796 | Depths:3 | Noticed a golden dragon
 48875 | Depths:3 | Received a gift from Okawaru
 49399 | Depths:4 | Noticed Margery
 49420 | Depths:4 | HP: 3/97 [frost giant/bolt of cold (10)]
 49421 | Depths:4 | Killed from afar by a frost giant

Skill      XL: |  1  2  3  4  5  6  7  8  9 10 11 12 13 14 15 16 17 |
---------------+----------------------------------------------------+-----
Short Blades   | 2 3 4 5 6 7 8 |  8.1
Dodging        | 1 2 3 4 5 6 8 |  8.1
Fighting       | 3 4 5 6 7 9 12 14 15 17 | 17.5
Armour         | 3 4 5 6 7 8 9 10 12 | 12.0
Shields        | 3 4 5 6 7 9 11 13 14 | 14.4
Invocations    | 1 2 3 4 6 7 |  7.1

Action                   |  1- 3 |  4- 6 |  7- 9 | 10-12 | 13-15 | 16-18 || total
-------------------------+-------+-------+-------+-------+-------+-------++-------
Melee: Rapier            |   110 |   204 |   395 |   491 |       |       ||  1200
       Bite              |    38 |    62 |   161 |   537 |  1216 |  3456 ||  5470
       Dagger            |       |       |       |   814 |  2417 |   142 ||  3373
       Quick blade       |       |       |       |       |       |  5505 ||  5505
Invok: Heroism           |       |       |     2 |     3 |    15 |    27 ||    47
       Finesse           |       |       |       |       |     7 |    10 ||    17
Evoke: Wand              |       |       |     1 |       |     2 |    28 ||    31
       Lightning rod     |       |       |       |       |       |     4 ||     4
       Fan of gales      |       |       |       |       |       |     1 ||     1
  Use: Scroll            |       |     2 |     2 |    18 |     8 |    26 ||    56
       Potion            |       |     4 |       |     2 |     2 |     1 ||     9
 Stab: Petrified         |       |       |       |       |     2 |       ||     2
  Eat: Chunk             |     2 |     6 |     9 |    24 |    35 |    76 ||   152
       Royal jelly       |       |       |       |     2 |       |     6 ||     8
       Bread ration      |       |       |       |     1 |       |       ||     1
Armor: Scale mail        |     3 |       |       |       |       |       ||     3
       Chain mail        |    30 |   101 |   106 |    26 |       |       ||   263
       Plate armour      |       |       |       |   336 |   607 |   722 ||  1665
Dodge: Dodged            |    27 |    41 |    80 |   280 |   469 |   579 ||  1476
Block: Shield            |    53 |   102 |   169 |   863 |   476 |       ||  1663
       Reflection        |       |       |     4 |    23 |       |       ||    27
       Large shield      |       |       |       |       |  1178 |  2971 ||  4149
